 Dungeon Crawl Stone Soup version 0.29.0-4-gdea44cf6ec (webtiles) character file.

Game seed: 16509083125860733271

4174 qw the Grappler (level 10, -9/91 (92) HPs)
             Began as a Troll Cinder Acolyte on Sept 1, 2022.
             Was a Priest of Ignis.
             Killed by divine providence
             ... invoked by an orc priest
              (14 damage)
             ... on level 8 of the Dungeon.
             The game lasted 00:03:16 (7082 turns).

qw the Grappler (Troll Cinder Acolyte)              Turns: 7082, Time: 00:03:17

HP:   -9/91 (92)    AC: 13    Str: 28    XL:     10   Next: 8%
MP:   10/10         EV:  9    Int: 10    God:    Ignis [***...]
Gold: 320           SH:  9    Dex: 11    Spells: 11/11 levels left

rFire   + . .      SeeInvis +     - Unarmed
rCold   . . .      Faith    .   m - +0 kite shield
rNeg    . . .      Spirit   .   a - +0 robe
rPois   .          Reflect  .   (helmet restricted)
rElec   .          Harm     .   k - +1 cloak
rCorr   .          Rampage  .   (gloves unavailable)
Will    .....                   (boots unavailable)
Stlth   +.........              (no amulet)
HPRegen 1.05/turn               i - +6 ring of dexterity
MPRegen 0.12/turn               n - ring of see invisible

@: about to teleport, fiery-armoured, lightly drained
A: large, unfitting armour, claws 3, regeneration 1, shaggy fur 1, tough skin 1
a: Renounce Religion, Fiery Armour, Foxfire Swarm, Rising Flame


You were on level 8 of the Dungeon.
You worshipped Ignis.
Ignis was most pleased with you.
You visited 1 branch of the dungeon, and saw 8 of its levels.

You collected 485 gold pieces.
You spent 165 gold pieces at shops.


Innate Abilities, Weirdness & Mutations

You are too large for most types of armour.
You have claws for hands.
Your natural rate of healing is unusually fast.
You are covered in fur. (AC +1)
You have tough skin. (AC +1)


   Skills:
 + Level 3.9 Fighting
 - Level 1.7 Throwing
 - Level 3.1 Dodging
 - Level 8.1 Shields
 - Level 10.4 Unarmed Combat
 - Level 1.0 Spellcasting
 - Level 2.1 Fire Magic


You had 11 spell levels left.
You didn't know any spells.
Your spell library contained the following spells:

 Spells                   Type           Power      Damage    Failure   Level
 Scorch                   Fire           8%         2d5       38%         2

Inventory:

Missiles
 f - 6 boomerangs (quivered)
Armour
 a - a +0 robe (worn)
 e - a +1 robe of willpower
 k - a +1 cloak (worn)
 m - a +0 kite shield (worn)
Jewellery
 b - a ring of see invisible
 i - a +6 ring of dexterity (left claw)
 n - a ring of see invisible (right claw)
 r - a ring of ice
Scrolls
 g - 2 scrolls of identify
 l - 7 scrolls of teleportation
Potions
 c - a potion of cancellation {unknown}
 d - a potion of might
 h - a potion of resistance {unknown}
 j - a potion of haste
 o - a potion of curing
 p - a potion of brilliance {unknown}
 q - a potion of ambrosia {unknown}

Dungeon Overview and Level Annotations

Branches:
Dungeon (8/15)             Temple (0/1) D:7            Lair (0/5) D:8

Altars:
Elyvilon
Fedhas
Hepliaklqana
Makhleb
Trog
Wu Jian
Xom
The Shining One

Shops:
D:2 =

Annotations:
D:6 3 runed translucent doors, qw's ghost, novice TrCA


Message History

The necrophage is burned by your cloak of flames.
The necrophage is lightly damaged.
The orc warrior hits you but does no damage.
You mangle the necrophage!!
You destroy the necrophage!
You scratch the orc priest.
The orc priest is moderately wounded.
The orc warrior barely misses you.
The orc priest invokes the aid of Beogh against you.
You struggle to resist.
You claw the orc priest!
You kill the orc priest!
The orc warrior unwields a +0 halberd.
The orc warrior wields a +0 arbalest.
The orc warrior shoots a bolt.
The bolt hits you!
You claw the orc priest!
The orc priest is heavily wounded.
You barely miss the orc warrior.
The orc warrior is almost dead.
You closely miss the orc warrior.
The orc warrior is almost dead.
The orc priest calls down the wrath of Beogh upon you.
Beogh smites you!
7080 ||| READING 8 scrolls of teleportation.
As you read the scroll of teleportation, it crumbles to dust.
You feel strangely unstable.
The orc warrior unwields a +0 arbalest.
The orc warrior wields a +0 halberd.
The orc warrior hits you with a +0 halberd!
You closely miss the orc warrior.
The orc warrior is almost dead.
The orc priest hits you with a +0 flail.
The orc priest is burned by your cloak of flames.
The orc priest is severely wounded.
You scratch the orc warrior but do no damage.
The orc warrior is almost dead.
The orc warrior hits you with a +0 halberd.
The orc warrior is burned by your cloak of flames.
You kill the orc warrior!
The orc priest invokes the aid of Beogh against you.
Beogh smites you!
You die...

.# #..._...#..........#..##...#..
.###._.....#........#.##.###.....
.##.................#..#%###.....
.......8.._................###...
..#................###.#.#.......
....._..._.#.......# #....####..#
...........#.......# ##.....#####
.........###....)..# #.....#
....#..### #...o@..# #.....#
#....... #...#.##### #....?#
#...##..##.###. #.....# . o.
#.....# ... ####### .... .....
......


You could see an orc priest.

Vanquished Creatures
  Pikel (D:4)
  Joseph (D:7)
  A komodo dragon (D:8)
  Prince Ribbit (D:6)
  A wyvern (D:8)
  Eustachio (D:5)
  Duvessa (D:5)
  An ice beast (D:6)
  An orc warrior (D:8)
  4 sky beasts
  2 black bears
  2 centaurs (D:6)
  A bullfrog (D:6)
  3 gnoll sergeants
  2 scorpions
  Dowan (D:5)
  4 necrophages
  4 wights (D:8)
  4 howler monkeys
  A hound (D:6)
  2 jellies (D:5)
  A gnoll bouda (D:8)
  3 orc priests
  3 iguanas
  Terence (D:3)
  Jessica (D:2)
  5 orc wizards
  Robin (D:2)
  16 gnolls
  4 adders
  3 ufetubi (D:6)
  2 worms
  4 dart slugs
  11 orcs
  2 ball pythons (D:2)
  6 endoplasms
  6 giant cockroaches
  10 goblins
  11 hobgoblins
  5 jackals
  5 quokkas
  7 bats
  2 frilled lizards
  8 kobolds
  3 rats
159 creatures vanquished.

Vanquished Creatures (others)
  A black bear (D:6)
  A scorpion (D:6)
  A howler monkey (D:6)
  2 orc priests (D:6)
  An iguana (D:6)
  An orc wizard (D:7)
  2 adders (D:6)
  4 orcs
  4 plants (D:8)
17 creatures vanquished.

Grand Total: 176 creatures vanquished

Notes
Turn   | Place    | Note
-------+----------+-------------------------------------------
     0 | D:1      | qw the Troll Cinder Acolyte began the quest for the Orb.
     0 | D:1      | Reached XP level 1. HP: 22/22 MP: 1/1
     0 | D:1      | 0 ||| qw: Version: 0.1-a-97-g2dd2ca4
     0 | D:1      | 0 ||| qw: Game counter: 4845
     0 | D:1      | 0 ||| qw: Always use a shield: true
     0 | D:1      | 0 ||| qw: God list: Okawaru
     0 | D:1      | 0 ||| qw: Allow faded altars: false
     0 | D:1      | 0 ||| qw: Do Orc after D:15 true
     0 | D:1      | 0 ||| qw: Do second Lair branch before Depths: true
     0 | D:1      | 0 ||| qw: Lair rune preference: random
     0 | D:1      | 0 ||| qw: Plans: Normal
     0 | D:1      | 0 ||| PLANNING D:1-11
     6 | D:1      | Noticed a swamp worm
     6 | D:1      | Noticed an anaconda
     7 | D:1      | Noticed a scorpion
     7 | D:1      | Noticed a black bear
   237 | D:1      | Reached XP level 2. HP: 29/29 MP: 2/2
   260 | D:1      | Reached skill level 4 in Unarmed Combat
   468 | D:1      | Found a faded altar of an unknown god.
   526 | D:1      | Reached XP level 3. HP: 32/36 MP: 3/3
   814 | D:1      | 814 ||| UPGRADING to +6 ring of dexterity.
   815 | D:1      | 815 ||| READING scroll labelled GOEHYMM UGIADO.
   816 | D:1      | 816 ||| READING 2 scrolls labelled FUOSCH QERUFIN.
   817 | D:1      | 817 ||| READING scroll labelled USEPEQ BEEHYU.
   818 | D:1      | 818 ||| READING scroll labelled DIQUGY CIOME.
   822 | D:1      | 822 ||| DRINKING 2 dark potions.
   823 | D:1      | 823 ||| DROPPING potion of flight.
   971 | D:2      | Noticed Robin
   972 | D:2      | 972 ||| Stepping ~*~*~tactically~*~*~ (stealth).
   976 | D:2      | 976 ||| Stepping ~*~*~tactically~*~*~ (stealth).
   982 | D:2      | 982 ||| INVOKING Fiery Armour.
   984 | D:2      | 984 ||| Stepping ~*~*~tactically~*~*~ (outnumbered).
   986 | D:2      | 986 ||| Stepping ~*~*~tactically~*~*~ (outnumbered).
   999 | D:2      | 999 ||| Stepping ~*~*~tactically~*~*~ (stealth).
  1008 | D:2      | Noticed Jessica
  1009 | D:2      | Found a hazy altar of Hepliaklqana.
  1012 | D:2      | Killed Jessica
  1013 | D:2      | Reached skill level 5 in Unarmed Combat
  1013 | D:2      | Reached XP level 4. HP: 44/44 MP: 4/4
  1016 | D:2      | 1016 ||| Stepping ~*~*~tactically~*~*~ (hiding).
  1045 | D:2      | 1045 ||| Stepping ~*~*~tactically~*~*~ (stealth).
  1050 | D:2      | Killed Robin
  1061 | D:2      | HP: 11/44 [poisoned by Robin]
  1063 | D:2      | 1063 ||| Stepping ~*~*~tactically~*~*~ (stealth).
  1256 | D:2      | Reached skill level 1 in Dodging
  1543 | D:2      | 1543 ||| Stepping ~*~*~tactically~*~*~ (stealth).
  1637 | D:2      | Found Beym's Jewellery Shoppe.
  1660 | D:2      | 1660 ||| SHOPLISTING +6 ring of dexterity (396 gold, have
                  | 208).
  1660 | D:2      | 1660 ||| SHOPLISTING ring "Unommaso" {Int+6 Dex+3} (542
                  | gold, have 208).
  1660 | D:2      | 1660 ||| SHOPLISTING ring of fire (275 gold, have 208).
  1660 | D:2      | 1660 ||| SHOPLISTING ring of resist corrosion (220 gold,
                  | have 208).
  1660 | D:2      | 1660 ||| BUYING ring of see invisible (165 gold).
  1660 | D:2      | Bought a ring of see invisible for 165 gold pieces
  1746 | D:2      | 1746 ||| UPGRADING to +0 kite shield.
  1751 | D:2      | 1751 ||| UPGRADING to ring of see invisible.
  1752 | D:2      | 1752 ||| READING scroll labelled PUCWEKHO RAATSI.
  1753 | D:2      | 1753 ||| READING 2 scrolls labelled XAKUENA ULOTA.
  1754 | D:2      | 1754 ||| DRINKING 2 blue potions.
  1755 | D:2      | 1755 ||| DRINKING 2 pink potions.
  1756 | D:2      | 1756 ||| DROPPING potion of degeneration.
  1757 | D:2      | 1757 ||| DROPPING scroll of poison.
  1857 | D:3      | Noticed Terence
  1858 | D:3      | 1858 ||| Stepping ~*~*~tactically~*~*~ (hiding).
  1869 | D:3      | Killed Terence
  1870 | D:3      | Reached skill level 1 in Shields
  1984 | D:3      | Reached XP level 5. HP: 50/50 MP: 5/5
  1985 | D:3      | 1985 ||| DRINKING potion of curing.
  1985 | D:3      | 1985 ||| (to cure confusion)
  2155 | D:3      | 2155 ||| Stepping ~*~*~tactically~*~*~ (stealth).
  2204 | D:3      | 2204 ||| Stepping ~*~*~tactically~*~*~ (hiding).
  2208 | D:3      | 2208 ||| Stepping ~*~*~tactically~*~*~ (hiding).
  2621 | D:3      | 2621 ||| Stepping ~*~*~tactically~*~*~ (hiding).
  2756 | D:3      | 2756 ||| READING scroll labelled OSOFYO PEPS.
  2757 | D:3      | 2757 ||| READING scroll labelled WICEIFR YXEL.
  2758 | D:3      | 2758 ||| READING scroll labelled KAGUFOC OTTOTH.
  2778 | D:4      | 2778 ||| PLANNING OSSUARY
  2867 | D:4      | Reached skill level 3 in Shields
  2925 | D:4      | 2925 ||| Stepping ~*~*~tactically~*~*~ (stealth).
  2975 | D:4      | Noticed a lemure
  2976 | D:4      | Noticed a lemure
  2976 | D:4      | Noticed Pikel
  2977 | D:4      | Noticed a lemure
  2981 | D:4      | 2981 ||| INVOKING Fiery Armour.
  2982 | D:4      | 2982 ||| Stepping ~*~*~tactically~*~*~ (outnumbered).
  2982 | D:4      | Noticed a lemure
  2983 | D:4      | 2983 ||| Stepping ~*~*~tactically~*~*~ (outnumbered).
  2989 | D:4      | 2989 ||| Stepping ~*~*~tactically~*~*~ (outnumbered).
  2991 | D:4      | Killed Pikel
  2992 | D:4      | Reached skill level 6 in Shields
  2992 | D:4      | Reached XP level 6. HP: 27/59 MP: 6/6
  2992 | D:4      | Reached XP level 7. HP: 30/66 MP: 7/7
  3138 | D:4      | 3138 ||| Stepping ~*~*~tactically~*~*~ (stealth).
  3197 | D:4      | 3197 ||| Stepping ~*~*~tactically~*~*~ (stealth).
  3438 | D:4      | Found a sand-covered staircase.
  3439 | D:4      | 3439 ||| READING scroll labelled QEAHUF CURO.
  3540 | D:4      | 3540 ||| READING 3 scrolls of identify.
  3540 | D:4      | 3540 ||| IDENTIFYING yellow potion
  3541 | D:4      | 3541 ||| READING 2 scrolls of identify.
  3541 | D:4      | 3541 ||| IDENTIFYING fizzy pink potion
  3542 | D:4      | 3542 ||| DROPPING potion of lignification.
  3615 | D:4      | 3615 ||| RIP OSSUARY
  3615 | D:4      | 3615 ||| PLANNING D:1-11
  3638 | D:5      | Entered Level 5 of the Dungeon
  3713 | D:5      | Noticed Eustachio
  3728 | D:5      | 3728 ||| Stepping ~*~*~tactically~*~*~ (outnumbered).
  3729 | D:5      | 3729 ||| Stepping ~*~*~tactically~*~*~ (outnumbered).
  3730 | D:5      | 3730 ||| Stepping ~*~*~tactically~*~*~ (outnumbered).
  3745 | D:5      | Killed Eustachio
  3746 | D:5      | Reached skill level 6 in Unarmed Combat
  3800 | D:5      | Noticed Duvessa
  3801 | D:5      | Noticed Dowan
  3802 | D:5      | 3802 ||| INVOKING Fiery Armour.
  3811 | D:5      | Killed Duvessa
  3812 | D:5      | Reached XP level 8. HP: 44/74 MP: 8/8
  3812 | D:5      | Killed Dowan
  3813 | D:5      | Reached skill level 7 in Unarmed Combat
  3936 | D:5      | 3936 ||| Stepping ~*~*~tactically~*~*~ (stealth).
  3938 | D:5      | 3938 ||| Stepping ~*~*~tactically~*~*~ (stealth).
  4571 | D:5      | Reached skill level 8 in Unarmed Combat
  4582 | D:5      | 4582 ||| READING scroll labelled XOEWKUEGAMN.
  4583 | D:5      | 4583 ||| DRINKING 2 lumpy pink potions.
  4584 | D:5      | 4584 ||| DRINKING 2 green potions.
  4689 | D:5      | 4689 ||| DROPPING potion of attraction.
  4690 | D:5      | 4690 ||| DROPPING potion of berserk rage.
  4706 | D:6      | Found a runed translucent gate.
  4706 | D:6      | Found a runed translucent gate.
  4706 | D:6      | Found a runed translucent gate.
  4715 | D:6      | Noticed qw's ghost (novice TrCA)
  4790 | D:6      | Reached skill level 3 in Fighting
  4836 | D:6      | Found a shimmering altar of Xom.
  4837 | D:6      | 4837 ||| INVOKING Fiery Armour.
  4840 | D:6      | 4840 ||| Stepping ~*~*~tactically~*~*~ (outnumbered).
  4848 | D:6      | 4848 ||| FLEEEEING.
  4849 | D:6      | 4849 ||| FLEEEEING.
  4850 | D:6      | 4850 ||| FLEEEEING.
  4859 | D:6      | 4859 ||| Stepping ~*~*~tactically~*~*~ (hiding).
  4868 | D:6      | HP: 18/75 [gnoll sergeant/+0 spear (4)]
  4869 | D:6      | Reached skill level 9 in Unarmed Combat
  4869 | D:6      | 4869 ||| READING 6 scrolls of teleportation.
  4871 | D:6      | 4871 ||| DRINKING potion of heal wounds.
  5033 | D:6      | Reached skill level 1 in Throwing
  5042 | D:6      | 5042 ||| Stepping ~*~*~tactically~*~*~ (hiding).
  5085 | D:6      | 5085 ||| Stepping ~*~*~tactically~*~*~ (stealth).
  5097 | D:6      | Reached XP level 9. HP: 83/83 MP: 9/9
  5151 | D:6      | Noticed Prince Ribbit
  5158 | D:6      | Killed Prince Ribbit
  5205 | D:6      | 5205 ||| DRINKING 2 potions of curing.
  5205 | D:6      | 5205 ||| (to cure confusion)
  5206 | D:6      | 5206 ||| Stepping ~*~*~tactically~*~*~ (outnumbered).
  5207 | D:6      | 5207 ||| Stepping ~*~*~tactically~*~*~ (outnumbered).
  5427 | D:6      | 5427 ||| UPGRADING to +0 cloak.
  5432 | D:6      | 5432 ||| DROPPING ring of flight.
  5433 | D:6      | 5433 ||| DRINKING 2 fuming cyan potions.
  5434 | D:6      | 5434 ||| READING 3 scrolls of identify.
  5434 | D:6      | 5434 ||| IDENTIFYING cyan potion
  5435 | D:6      | 5435 ||| READING 2 scrolls of identify.
  5435 | D:6      | 5435 ||| IDENTIFYING sapphire potion
  5436 | D:6      | 5436 ||| DROPPING potion of invisibility.
  5672 | D:7      | Found a staircase to the Ecumenical Temple.
  5677 | D:7      | 5677 ||| Stepping ~*~*~tactically~*~*~ (hiding).
  5697 | D:7      | 5697 ||| Stepping ~*~*~tactically~*~*~ (outnumbered).
  5856 | D:7      | Noticed Joseph
  5857 | D:7      | 5857 ||| Stepping ~*~*~tactically~*~*~ (stealth).
  5859 | D:7      | 5859 ||| Stepping ~*~*~tactically~*~*~ (hiding).
  5860 | D:7      | 5860 ||| Stepping ~*~*~tactically~*~*~ (hiding).
  5862 | D:7      | 5862 ||| Stepping ~*~*~tactically~*~*~ (hiding).
  5875 | D:7      | 5875 ||| INVOKING Fiery Armour.
  5877 | D:7      | HP: 19/83 [Joseph/+0 quarterstaff (4)]
  5878 | D:7      | 5878 ||| READING 8 scrolls of teleportation.
  5880 | D:7      | HP: 9/83 [Joseph/+0 quarterstaff (3)]
  5881 | D:7      | Killed Joseph
  5882 | D:7      | Reached skill level 10 in Unarmed Combat
  6413 | D:7      | Found an ornate altar of the Wu Jian Council.
  6507 | D:7      | 6507 ||| READING scroll labelled JUNLIO GAETUT.
  6556 | D:7      | 6556 ||| READING 9 scrolls of teleportation.
  6686 | D:8      | Found a staircase to the Lair.
  6687 | D:8      | Noticed a komodo dragon
  6703 | D:8      | Killed a komodo dragon
  6704 | D:8      | Reached skill level 3 in Dodging
  6746 | D:8      | Found a bloodstained altar of Trog.
  6749 | D:8      | Found a white marble altar of Elyvilon.
  6749 | D:8      | Found a glowing golden altar of the Shining One.
  6749 | D:8      | Found a burning altar of Makhleb.
  6749 | D:8      | Found a blossoming altar of Fedhas.
  6814 | D:8      | 6814 ||| INVOKING Fiery Armour.
  6819 | D:8      | 6819 ||| Stepping ~*~*~tactically~*~*~ (outnumbered).
  6820 | D:8      | 6820 ||| Stepping ~*~*~tactically~*~*~ (outnumbered).
  6821 | D:8      | 6821 ||| Stepping ~*~*~tactically~*~*~ (outnumbered).
  6822 | D:8      | 6822 ||| Stepping ~*~*~tactically~*~*~ (outnumbered).
  6823 | D:8      | 6823 ||| Stepping ~*~*~tactically~*~*~ (outnumbered).
  6824 | D:8      | 6824 ||| Stepping ~*~*~tactically~*~*~ (outnumbered).
  6825 | D:8      | 6825 ||| Stepping ~*~*~tactically~*~*~ (outnumbered).
  6833 | D:8      | 6833 ||| Stepping ~*~*~tactically~*~*~ (outnumbered).
  6862 | D:8      | 6862 ||| Stepping ~*~*~tactically~*~*~ (hiding).
  6864 | D:8      | 6864 ||| Stepping ~*~*~tactically~*~*~ (hiding).
  6887 | D:8      | Reached XP level 10. HP: 56/91 MP: 10/10
  6939 | D:8      | 6939 ||| READING scroll of enchant armour.
  6939 | D:8      | 6939 ||| ENCHANTING +0 cloak.
  7030 | D:8      | 7030 ||| Stepping ~*~*~tactically~*~*~ (stealth).
  7032 | D:8      | 7032 ||| Stepping ~*~*~tactically~*~*~ (stealth).
  7058 | D:8      | 7058 ||| Stepping ~*~*~tactically~*~*~ (hiding).
  7069 | D:8      | 7069 ||| Stepping ~*~*~tactically~*~*~ (outnumbered).
  7073 | D:8      | 7073 ||| INVOKING Fiery Armour.
  7079 | D:8      | HP: 21/91 [orc priest/divine providence (7)]
  7080 | D:8      | 7080 ||| READING 8 scrolls of teleportation.
  7080 | D:8      | HP: 9/91 [orc warrior/+0 halberd (13)]
  7082 | D:8      | Killed from afar by an orc priest

Levels and vault maps discovered:
D:1:      onia_arrival_zoo_common, layout_basic,
          chequers_ecumenical_altar_island
D:2:      minmay_door_path, layout_loops_ring, basic_altar, serial_shops,
          shop_coins, uniq_jessica, uniq_robin
D:3:      layout_loops_corners, item_on_display_a, uniq_terence
D:4:      layout_loops_ring, chequers_ossuary_entry_cave, uniq_pikel
D:5:      layout_basic, uniq_eustachio, uniq_duvessa
D:6:      layout_gridville, xom_confusion_cloud, gammafunk_ghost_necromancy,
          uniq_prince_ribbit1
D:7:      layout_loops_ring, pdpol_wu_jian_five_deadly_venoms,
          minmay_temple_entry_slanted, chequers_hall_statues_corner_a,
          lemuel_flamethrower_2, uniq_joseph
D:8:      layout_rooms, grunt_temple_overflow_open, david_lair_shrubbed

Skill      XL: |  1  2  3  4  5  6  7  8  9 |
---------------+----------------------------+-----
Unarmed Combat | 4 5 6 9 10 | 10.4
Dodging        | 1 3 |  3.1
Shields        | 1 6 8 |  8.1
Fighting       | 3 |  3.9
Throwing       | 1 |  1.7
Spellcasting   | |  1.0
Fire Magic     | |  2.1

Action                   |  1- 3 |  4- 6 |  7- 9 | 10-12 || total
-------------------------+-------+-------+-------+-------++-------
Melee: Unarmed           |    69 |    91 |   225 |    24 ||   409
       Punch             |       |     1 |       |       ||     1
Throw: Boomerang         |       |    23 |    61 |     3 ||    87
Invok: Fiery Armour      |     1 |     1 |     4 |     1 ||     7
  Use: Scroll            |     4 |     5 |    10 |     2 ||    21
       Potion            |     1 |     3 |     5 |       ||     9
 Stab: Sleeping          |       |       |     1 |       ||     1
Armor: Robe              |    22 |    21 |    48 |     6 ||    97
Dodge: Dodged            |    26 |    17 |    79 |     5 ||   127
Block: Kite shield       |       |    20 |    98 |    10 ||   128

Table legend:
 A = Non-vault XP
 B = Vault XP
 C = Vault XP percentage of total XP
 D = Non-vault monster count
 E = Vault monster count
 F = Vault count percentage of total count
                 A         B        C        D         E       F
            +---------+---------+-------+---------+---------+-------
      Total |    3423 |    2670 |  43.8 |     132 |      27 |  17.0
            +---------+---------+-------+---------+---------+-------
        D:1 |      50 |       0 |   0.0 |      22 |       0 |   0.0
        D:2 |      29 |      74 |  71.8 |      17 |      14 |  45.2
        D:3 |      90 |      38 |  29.7 |      17 |       1 |   5.6
        D:4 |     150 |     651 |  81.3 |      12 |       1 |   7.7
        D:5 |     372 |     419 |  53.0 |       9 |       3 |  25.0
        D:6 |     619 |     667 |  51.9 |      14 |       6 |  30.0
        D:7 |     647 |     460 |  41.6 |      15 |       1 |   6.2
        D:8 |    1466 |     361 |  19.8 |      26 |       1 |   3.7
            +---------+---------+-------+---------+---------+-------
